 Dungeon Crawl Stone Soup version 0.27.1-15-g792fb953b9 (webtiles) character file.

Game seed: 7888101502214715359

9561 TNOPE the Carver (level 11, -7/58 HPs)
             Began as a Vine Stalker Fighter on Nov 19, 2021.
             Was a Believer of Qazlal.
             Mangled by a 13-headed hydra (11 damage)
             ... on level 12 of the Dungeon.
             The game lasted 01:54:24 (10919 turns).

TNOPE the Carver (Vine Stalker Fighter)            Turns: 10919, Time: 01:54:25

Health: -7/58      AC: 25    Str: 21    XL:     11   Next: 48%
Magic:  0/13       EV:  8    Int:  8    God:    Qazlal [**....]
Gold:   373        SH:  0    Dex: 15    Spells: 9/10 levels left

rFire    . . .     SeeInvis +   a - +1 long sword (freeze)
rCold    . . .     Faith    .   c - +2 kite shield
rNeg     . . .     Spirit   +   D - +4 chain mail "Nuhobbuk" {SInv}
rPois    .         Reflect  .   t - +2 helmet
rElec    .         Harm     .   (no cloak)
rCorr    .         Rampage  .   p - +1 pair of gloves
Will     +....     Rnd*Rage +   n - +0 pair of boots
Stlth    ..........             s - amulet of magic regeneration
HPRegen  1.19/turn              e - ring of flight
MPRegen  0.38/turn              m - +4 ring of protection

@: confused, flying
A: fangs 3, regeneration 1, magic shield, antimagic bite, no potion heal 2,
berserk 1
a: Renounce Religion, Upheaval


You were on level 12 of the Dungeon.
You worshipped Qazlal.
Qazlal was pleased with you.
You visited 2 branches of the dungeon, and saw 14 of its levels.

You collected 652 gold pieces.
You spent 279 gold pieces at shops.

Inventory:

Hand Weapons
 a - a +1 long sword of freezing (weapon)
 d - a +0 falchion
 h - a +2 dagger of flaming
 o - a +0 long sword
 v - a +0 war axe
 z - a +3 dagger of chaos
Armour
 b - a +0 scale mail
 c - a +2 kite shield (worn)
 j - a +0 scale mail of poison resistance
 l - a +0 helmet
 n - a +0 pair of boots (worn)
 p - a +1 pair of gloves (worn)
 t - a +2 helmet (worn)
 w - a +0 chain mail
 A - a +1 robe of willpower
 D - the +4 chain mail "Nuhobbuk" (worn) {SInv}
   (You found it on level 9 of the Dungeon)

   SInv:      It lets you see invisible.
 E - +0 steam dragon scales
 F - a +0 plate armour
 L - a +0 troll leather armour
Jewellery
 e - a ring of flight (left hand)
 m - a +4 ring of protection (right hand)
 s - an amulet of magic regeneration (around neck)
 u - a ring of willpower
 B - a ring of willpower
 I - a +4 ring of slaying
Wands
 g - a wand of charming (8)
 y - a wand of acid (20)
 J - a wand of flame (23)
Scrolls
 i - a scroll of fog
 k - 7 scrolls of identify
 r - 4 scrolls of teleportation
 x - a scroll of enchant armour
 H - a scroll of silence
 K - a scroll of blinking
Potions
 f - a potion of cancellation
 q - 2 potions of mutation
 C - 2 potions of brilliance


   Skills:
 + Level 6.4 Fighting
 + Level 9.4 Long Blades
 + Level 6.8 Armour
 + Level 3.1 Dodging
 + Level 2.4 Stealth
 + Level 9.1 Shields
 - Level 0.3 Conjurations
 - Level 0.3 Fire Magic
 + Level 2.0 Invocations


You had 9 spell levels left.
You knew the following spells:

 Your Spells              Type           Power      Damage    Failure   Level
a - Foxfire               Conj/Fire      0%         2x1d4     99%         1

Your spell library contained the following spells:

 Spells                   Type           Power      Damage    Failure   Level
 Sandblast                Erth           0%         2d4       100%        1
 Blink                    Tloc           N/A        N/A       100%        2
 Passwall                 Tmut/Erth      0%         N/A       100%        2
 Slow                     Hex            0%         N/A       100%        2
 Confusing Touch          Hex            0%         N/A       100%        3
 Conjure Flame            Conj/Fire      0%         6-21      100%        3
 Gell's Gravitas          Tloc           0%         N/A       100%        3
 Ignite Poison            Fire/Tmut/Pois 0%         N/A       100%        3
 Inner Flame              Hex/Fire       0%         N/A       100%        3
 Lesser Beckoning         Tloc           0%         N/A       100%        3
 Teleport Other           Tloc           0%         N/A       100%        3
 Vampiric Draining        Necr           0%         2d6       100%        3
 Sticky Flame             Conj/Fire      0%         2d3       100%        4
 Alistair's Intoxication  Tmut/Pois      0%         N/A       100%        5
 Borgnjor's Vile Clutch   Necr/Erth      0%         N/A       100%        5
 Lee's Rapid Deconstruct  Erth           0%         3d5*      100%        5
 Manifold Assault         Tloc           0%         N/A       100%        5
 Eringya's Noxious Bog    Tmut/Pois      0%         N/A       100%        6


Dungeon Overview and Level Annotations

Branches:
Dungeon (12/15)            Temple (0/1) D:7            Lair (0/6) D:11
    Orc (2/2) D:10
    Elf: Orc:2

Altars:
Ashenzari
Dithmenos
Elyvilon
Fedhas
Gozag
Makhleb
Qazlal
Trog
Wu Jian
Zin
Beogh

Shops:
D:10 *   D:11 ?   Orc:2 *


Innate Abilities, Weirdness & Mutations

You have razor-sharp teeth.
Your natural rate of healing is unusually fast.
When hurt, damage is shared between your health and your magic reserves.
Your bite disrupts and absorbs the magic of your enemies.
Potions cannot restore your health.
You tend to lose your temper in combat.


Message History

Unknown command.
Unknown command.
Unknown command.
You are too confused!
You lop one of the 12-headed hydra's heads off!
The 11-headed hydra grows two more!
You slash the 13-headed hydra!
The 13-headed hydra seems to slow down.
You freeze the 13-headed hydra.
The 13-headed hydra is lightly wounded.
The 13-headed hydra bites you but does no damage. x2
The 13-headed hydra bites you!
The 13-headed hydra bites you but does no damage. x4
The 13-headed hydra barely misses you. x2; The 13-headed hydra bites you.
* * * LOW HITPOINT WARNING * * *
The 13-headed hydra completely misses you.
The 13-headed hydra barely misses you.
The 13-headed hydra bites you but does no damage.
Unknown command.
Unknown command.
Unknown command.
Unknown command.
Unknown command.
Unknown command.
Unknown command.
Unknown command.
Unknown command.
Unknown command.
The 13-headed hydra is no longer moving slowly.
The 13-headed hydra bites you.
* * * LOW HITPOINT WARNING * * *
The 13-headed hydra completely misses you.
The 13-headed hydra bites you but does no damage. x2
The 13-headed hydra barely misses you.
The 13-headed hydra completely misses you.
The 13-headed hydra bites you but does no damage. x3
The 13-headed hydra bites you.
* * * LOW HITPOINT WARNING * * *
The 13-headed hydra barely misses you. The 13-headed hydra bites you!
* * * LOW HITPOINT WARNING * * *
The 13-headed hydra bites you!
You die...

########## .........#
##.......# ...#####.#######
## .....D...hV....# ##.##
.#######.#####h######...##
.####..$.....9.D.........##
....#.##.######V@...<.....##
....../.... #....(.......#
.......### #...........##
###....# #...........#
#..#.# ##...$....#.# #..# ..
#.....#.##.# ###..# ##
#.......# # .....# #.....###
##...### #.....#


You could see a 13-headed hydra, a vampire, a gargoyle and a howler monkey.

Vanquished Creatures
  2 two-headed ogres (D:10)
  A manticore (D:11)
  Psyche (D:8)
  2 trolls
  Sigmund (D:4)
  9 yaks (D:10)
  2 wraiths
  2 wyverns (D:9)
  Menkaure (D:4)
  A steam dragon (D:9)
  2 acid dragons
  2 water moccasins
  Duvessa (D:4)
  A sky beast (D:3)
  9 orc warriors
  A black bear (D:7)
  4 ogres
  A centaur (D:12)
  2 phantoms
  2 kobold brigands
  A gnoll sergeant (D:7)
  A scorpion (D:6)
  Dowan (D:4)
  12 killer bees
  9 howler monkeys
  11 orc priests
  2 hounds (D:5)
  3 jellies
  A gnoll shaman (D:6)
  A bullfrog skeleton (D:6)
  5 iguanas
  Terence (D:3)
  9 orc wizards
  A killer bee zombie (D:7)
  A hound skeleton (D:5)
  A howler monkey zombie (D:10)
  Robin (D:4)
  7 gnolls
  A howler monkey skeleton (D:7)
  8 adders
  2 white imps
  An ufetubus (D:5)
  4 worms
  A dart slug (D:1)
  43 orcs
  7 ball pythons
  3 endoplasms
  6 giant cockroaches
  15 hobgoblins
  7 jackals
  3 quokkas
  6 bats
  3 frilled lizards
  24 goblins
  16 kobolds
  3 rats
  A bush (D:4)
269 creatures vanquished.

Vanquished Creatures (collateral kills)
  A two-headed ogre (D:10)
1 creature vanquished.

Vanquished Creatures (others)
  An orc (Orc:2)
  3 bushes (D:11)
  5 fungi
  21 plants
30 creatures vanquished.

Grand Total: 300 creatures vanquished

Notes
Turn   | Place    | Note
-------+----------+-------------------------------------------
     0 | D:1      | TNOPE the Vine Stalker Fighter began the quest for the Orb.
     0 | D:1      | Reached XP level 1. HP: 11/11 MP: 2/2
   126 | D:1      | Reached XP level 2. HP: 16/16 MP: 3/3
   566 | D:1      | Reached XP level 3. HP: 20/20 MP: 4/4
  1243 | D:2      | You are sucked into a shaft and drop 1 floor!
  1268 | D:3      | Found a shadowy altar of Dithmenos.
  1393 | D:3      | Gained mutation: Your natural rate of healing is unusually
                  | fast. [Vine Stalker growth]
  1393 | D:3      | Reached XP level 4. HP: 10/24 MP: 5/5
  1452 | D:3      | Noticed a sky beast
  1485 | D:3      | Killed a sky beast
  1486 | D:3      | Reached XP level 5. HP: 12/28 MP: 3/6
  1562 | D:3      | Found a white marble altar of Elyvilon.
  1641 | D:3      | Found an ornate altar of the Wu Jian Council.
  1654 | D:3      | Noticed Terence
  2485 | D:2      | Gained mutation: You tend to lose your temper in combat.
                  | [potion of mutation]
  2584 | D:3      | Killed Terence
  2585 | D:3      | Reached XP level 6. HP: 32/32 MP: 7/7
  3275 | D:4      | Noticed Duvessa
  3282 | D:4      | Noticed Dowan
  3304 | D:4      | Killed Duvessa
  3305 | D:4      | Reached skill level 1 in Dodging
  3305 | D:4      | Reached XP level 7. HP: 23/37 MP: 6/8
  3316 | D:4      | Noticed Robin
  3324 | D:4      | Killed Dowan
  3329 | D:4      | Killed Robin
  3329 | D:4      | Noticed Sigmund
  3382 | D:4      | Killed Sigmund
  3383 | D:4      | Reached skill level 5 in Long Blades
  3456 | D:4      | Found a blossoming altar of Fedhas.
  3462 | D:4      | Found a stormy altar of Qazlal.
  3494 | D:4      | Became a worshipper of Qazlal Stormbringer
  3674 | D:4      | Noticed Menkaure
  3691 | D:4      | Killed Menkaure
  4094 | D:5      | Entered Level 5 of the Dungeon
  4145 | D:5      | Gained mutation: You have razor-sharp teeth. [Vine Stalker
                  | growth]
  4145 | D:5      | Reached XP level 8. HP: 39/42 MP: 7/9
  4301 | D:5      | Learned a level 1 spell: Foxfire
  5150 | D:6      | Reached * piety under Qazlal
  5367 | D:6      | Found a burning altar of Makhleb.
  5367 | D:6      | Noticed a green death
  5411 | D:6      | Noticed a ynoxinul
  5411 | D:6      | Noticed an orange demon
  5631 | D:6      | Reached skill level 5 in Shields
  5740 | D:6      | Reached XP level 9. HP: 46/46 MP: 10/10
  6176 | D:7      | Reached skill level 5 in Fighting
  6267 | D:7      | Reached ** piety under Qazlal
  6767 | D:7      | Found a staircase to the Ecumenical Temple.
  6889 | D:7      | Reached skill level 5 in Armour
  6973 | D:8      | Found a sand-covered staircase.
  7226 | D:8      | Found an opulent altar of Gozag.
  7306 | D:8      | Noticed Psyche
  7320 | D:8      | Killed Psyche
  7321 | D:8      | Reached XP level 10. HP: 43/51 MP: 11/11
  7462 | D:8      | Found a broken altar of Ashenzari.
  8259 | D:9      | Identified the +4 chain mail "Nuhobbuk" {SInv}
  8739 | D:9      | Reached *** piety under Qazlal
  9341 | D:10     | Entered Level 10 of the Dungeon
  9562 | D:10     | Found a staircase to the Orcish Mines.
  9595 | D:10     | Noticed a two-headed ogre
  9605 | D:10     | Killed a two-headed ogre
  9606 | D:10     | Reached XP level 11. HP: 56/56 MP: 4/12
  9695 | D:10     | Reached skill level 1 in Invocations
  9742 | D:10     | Noticed a two-headed ogre
  9755 | D:10     | Killed a two-headed ogre
  9865 | D:10     | Found Zin's Purification Station.
  9865 | D:10     | Found a glowing silver altar of Zin.
  9989 | D:10     | Found a bloodstained altar of Trog.
 10044 | D:10     | Noticed a two-headed ogre
 10059 | D:10     | Killed a two-headed ogre
 10309 | Orc:1    | Entered Level 1 of the Orcish Mines
 10411 | Orc:2    | Entered Level 2 of the Orcish Mines
 10413 | Orc:2    | Found Ebopujofa's Gadget Gallery.
 10433 | Orc:2    | Noticed an orc sorcerer
 10435 | Orc:2    | Noticed a sun demon
 10438 | Orc:2    | Noticed a sun demon
 10464 | Orc:2    | Noticed an orc sorcerer
 10465 | Orc:2    | Noticed an orc knight
 10515 | Orc:2    | Noticed a soul eater
 10579 | D:11     | Found Aziufal's Magic Scroll Emporium.
 10607 | D:11     | Bought a scroll of identify for 26 gold pieces
 10607 | D:11     | Bought a scroll of identify for 26 gold pieces
 10607 | D:11     | Bought a scroll of identify for 26 gold pieces
 10607 | D:11     | Bought a scroll of identify for 26 gold pieces
 10607 | D:11     | Bought a scroll of enchant weapon for 97 gold pieces
 10607 | D:11     | Bought a scroll of identify for 26 gold pieces
 10607 | D:11     | Bought a scroll of identify for 26 gold pieces
 10607 | D:11     | Bought a scroll of identify for 26 gold pieces
 10666 | D:11     | Noticed a manticore
 10677 | D:11     | Killed a manticore
 10690 | D:11     | Noticed a seven-headed hydra
 10886 | D:12     | Noticed a two-headed ogre
 10898 | D:12     | Noticed an eight-headed hydra
 10919 | D:12     | Mangled by a 13-headed hydra

Illustrated notes

Levels and vault maps discovered:
D:1:      grunt_arrival_lava_bath, layout_loops_ring, serial_glass,
          glass_columns_c, glass_columns_b, hangedman_decor_growths,
          dk_noncrumbling_4, minmay_pentomino_s2
D:2:      layout_basic
D:3:      layout_rooms, nzn_wu_jian_contemplation, overflow_temple_1_default,
          overflow_temple_1_default, uniq_terence
D:4:      layout_basic, grunt_temple_overflow_forces_of_nature,
          minmay_misc_feat_ornament, minmay_misc_feat_alley, uniq_sigmund,
          uniq_robin, uniq_duvessa, uniq_menkaure
D:5:      layout_loops_corners, hex_tiny
D:6:      layout_basic, makhleb_altar_promises_db, corexii_corridor_pit
D:7:      layout_loops_ring, minmay_temple_entry_glass
D:8:      layout_basic, grunt_gozag_breadcrumbs,
          mainiacjoe_overflow_cross_hatched,
          lightli_ossuary_entry_decrepit_ruins, uniq_psyche
D:9:      layout_loops_corners, hangedman_glass_teeth
D:10:     layout_irregular_city, zin_purify, lightli_temple_of_fire,
          minmay_orc_entry_temple_small
D:11:     layout_basic, minmay_lair_entry_grove, serial_shops,
          nicolae_shop_crystal, nicolae_shop_statue_plus, nicolae_diamond_shop,
          minmay_misc_feat_tower
D:12:     layout_loops_ring
Orc:1:    layout_diamond_mine, uniq_fannar
Orc:2:    kennysheep_orc_mage_school, layout_caves, basic_altar,
          nicolae_shop_gadgets

Skill      XL: |  1  2  3  4  5  6  7  8  9 10 11 |
---------------+----------------------------------+-----
Fighting       | 3 4 5 6 |  6.4
Shields        | 3 4 5 6 8 9 |  9.1
Long Blades    | 2 3 4 5 6 8 9 |  9.4
Armour         | 3 4 5 6 |  6.8
Dodging        | 1 2 3 |  3.1
Stealth        | 2 |  2.4
Invocations    | 2 |  2.0
Conjurations   | |  0.3
Fire Magic     | |  0.3

Action                   |  1- 3 |  4- 6 |  7- 9 | 10-12 || total
-------------------------+-------+-------+-------+-------++-------
Melee: Long sword        |   101 |   200 |   537 |   307 ||  1145
       Bite              |    32 |    41 |   213 |   131 ||   417
Invok: Elemental Force   |       |       |       |     3 ||     3
       Upheaval          |       |       |       |     1 ||     1
  Use: Potion            |     1 |     5 |     3 |     1 ||    10
       Scroll            |     5 |     2 |     5 |     5 ||    17
 Stab: Paralysed         |       |       |       |     1 ||     1
Armor: Scale mail        |    52 |    94 |   160 |       ||   306
       Skin              |       |    10 |       |       ||    10
       Chain mail        |       |       |    27 |   184 ||   211
       Plate armour      |       |       |       |     2 ||     2
Dodge: Dodged            |    34 |    45 |   114 |   111 ||   304
Block: Kite shield       |    45 |    77 |   291 |   287 ||   700
       Rpst.: Long sword |     8 |    12 |    34 |    20 ||    74
